 Dungeon Crawl Stone Soup version 0.30-a0-862-g1aabd4f9c5 (webtiles) character file.

Game seed: 13072731203987805598

134 Zenkrye the Poker (level 5, -3/41 HPs)
             Began as a Human Cinder Acolyte on Mar 8, 2023.
             Was a High Priest of Ignis.
             Slain by an iguana (6 damage)
             ... on level 4 of the Dungeon.
             The game lasted 00:07:30 (2890 turns).

Zenkrye the Poker (Human Cinder Acolyte)            Turns: 2890, Time: 00:07:31

Health: -3/41      AC:  7    Str: 16    XL:     5   Next: 40%
Magic:  4/8        EV: 10    Int: 15    God:    Ignis [*****.]
Gold:   178        SH:  0    Dex:  8    Spells: 6/8 levels left

rFire   + . .      SeeInvis .    a - +0 spear (flame)
rCold   . . .      Faith    .    (no shield)
rNeg    . . .      Spirit   .    o - +1 ring mail
rPois   .          Reflect  .    (no helmet)
rElec   .          Rampage  .    q - +0 cloak
rCorr   +                        (no gloves)
Will    .....                    (no boots) Stlth
                                 (no amulet)
HPRegen 0.26/turn                r - ring of resist corrosion
MPRegen 0.11/turn                k - ring of flight

@: lethally poisoned (-3 -> -10), flying
A: no striking features
a: Renounce Religion, Fiery Armour, Foxfire Swarm, Rising Flame


You were on level 4 of the Dungeon.
You worshipped Ignis.
Ignis was extremely pleased with you.
You visited 1 branch of the dungeon, and saw 4 of its levels.

You collected 299 gold pieces.
You spent 121 gold pieces at shops.

Inventory:

Hand Weapons
 a - a +0 spear of flaming (weapon)
Missiles
 e - 2 throwing nets {!f}
 f - 5 boomerangs (quivered)
Armour
 b - a +0 robe
 d - a +0 chain mail
 o - a +1 ring mail (worn)
 p - a +0 plate armour
 q - a +0 cloak (worn)
Jewellery
 k - a ring of flight (right hand)
 r - a ring of resist corrosion (left hand)
Scrolls
 g - a scroll of teleportation {@r3}
 i - 2 scrolls of identify {@r1}
 n - 4 scrolls of enchant armour
 t - a scroll of vulnerability {unknown}
 u - a scroll of amnesia
 v - a scroll of acquirement {unknown}
Potions
 c - 2 potions of attraction
 h - 2 potions of heal wounds {@q2}
 j - a potion of haste {@q3}
 l - 2 potions of flight
 m - a potion of brilliance {unknown}
 s - a potion of lignification {unknown}


   Skills:
 - Level 3.0 Fighting
 * Level 4.6 Polearms
 + Level 2.1 Spellcasting
 + Level 3.8 Fire Magic


You had 6 spell levels left.
You knew the following spells:

 Your Spells              Type           Power      Damage    Failure   Level
a - Scorch                Fire           26%        2d6       13%         2

Your spell library contained the following spells:

 Spells                   Type           Power      Damage    Failure   Level
 Lesser Beckoning         Tloc           2%         N/A       54%         2
 Confusing Touch          Hex            1%         N/A       77%         3
 Summon Guardian Golem    Hex/Summ       1%         N/A       77%         3
 Orb of Destruction       Conj           0%         9d5       100%        7
 Spellforged Servitor     Conj/Summ      0%         N/A       100%        7


Dungeon Overview and Level Annotations

Branches:
Dungeon (4/15)
 Temple: D:4-7

Altars:
Trog
Uskayaw

Shops:
D:4 *


Message History

The kobold throws a poisoned dart.
The poisoned dart hits you!
You are poisoned.
You feel very sick.
The kobold throws a poisoned dart.
The poisoned dart hits you!
You are more poisoned.
An iguana comes into view.
You reach to attack!
You barely miss the kobold.
You feel very sick.
The iguana hisses angrily.
The kobold throws a poisoned dart.
The poisoned dart hits you!
You are more poisoned.
You reach to attack!
You hit the kobold. You burn the kobold.
You kill the kobold!
You feel very sick.
You reach to attack!
You hit the iguana. You burn the iguana.
The iguana is lightly wounded.
You feel very sick.
You reach to attack!
You hit the iguana. You burn the iguana.
The iguana is moderately wounded.
You feel very sick.
You hit the iguana but do no damage.
The iguana is moderately wounded.
You feel very sick. The iguana bites you!
* * * LOW HITPOINT WARNING * * *
Casting: Scorch (safe; 13% risk of failure)
Confirm with . or Enter, or press ? or * to list all spells.
Flames lash the iguana.
The iguana is moderately wounded.
The iguana's fire resistance burns away.
* * * LOW HITPOINT WARNING * * *
You feel sick. The iguana bites you.
* * * LOW HITPOINT WARNING * * *
Casting: Scorch (safe; 13% risk of failure)
Confirm with . or Enter, or press ? or * to list all spells.
Flames lash the iguana.
The iguana is burned terribly!
The iguana is almost dead.
* * * LOW HITPOINT WARNING * * *
You feel sick. The iguana bites you.
You die...

.# .# #.## ... ..## ##)..##
#l....# ##########@#
#.........## #.########.#.#
#######.# #..# ## #.......#
##'## .. #.#####.# ##...## #.
##.## ##.....## ### #.
##.#.## ##.......## ##.###.
#.###.####.........####......


You could see an iguana (combustible).

Vanquished Creatures
  A jelly (D:4)
  2 adders (D:3)
  2 worms
  A dart slug (D:2)
  An orc (D:3)
  8 ball pythons
  6 endoplasms
  2 giant cockroaches (D:1)
  4 goblins
  5 hobgoblins
  8 jackals
  13 kobolds
  3 quokkas
  5 bats
  4 frilled lizards (D:3)
  6 rats
71 creatures vanquished.

Notes
Turn   | Place    | Note
-------+----------+-------------------------------------------
     0 | D:1      | Zenkrye the Human Cinder Acolyte began the quest for the
                  | Orb.
     0 | D:1      | Reached XP level 1. HP: 18/18 MP: 2/2
   157 | D:1      | Reached XP level 2. HP: 24/24 MP: 3/3
   160 | D:1      | Learned a level 2 spell: Scorch
   645 | D:1      | Reached XP level 3. HP: 23/29 MP: 4/4
   902 | D:2      | Found a faded altar of an unknown god.
  1211 | D:2      | Found a bloodstained altar of Trog.
  1559 | D:3      | Reached skill level 4 in Polearms
  1559 | D:3      | Reached XP level 4. HP: 14/35 MP: 3/6
  1728 | D:3      | Found a hide-covered altar of Uskayaw.
  2244 | D:3      | Got the Precepts of the Serpent
  2562 | D:4      | Reached XP level 5. HP: 41/41 MP: 7/7
  2638 | D:4      | Found Unnikeg's Assorted Antiques.
  2646 | D:4      | Bought a cloak for 121 gold pieces
  2890 | D:4      | Slain by an iguana

Illustrated notes

Levels and vault maps discovered:
D:1:      wander_arrival_desolate, layout_rooms
D:2:      layout_loops_ring, basic_altar, serial_rivers,
          chequers_serial_rivers_micro_e, chequers_serial_rivers_micro_a,
          chequers_serial_rivers_room_b, chequers_serial_rivers_small_3,
          ebering_ecumenical_altar_box
D:3:      layout_basic, old_standard_altar, minmay_goblin_kobold_house
D:4:      layout_loops_corners, serial_shops, shop

Skill      XL: |  1  2  3  4  5 |
---------------+----------------+-----
Polearms       | 4 |  4.6
Spellcasting   | 2 |  2.1
Fighting       | |  3.0
Fire Magic     | |  3.8

Action                     |  1- 3 |  4- 6 || total
---------------------------+-------+-------++-------
  Melee: Spear             |   126 |   110 ||   236
  Throw: Boomerang         |     1 |     4 ||     5
   Cast: Scorch            |     5 |    10 ||    15
    Use: Scroll            |     9 |     4 ||    13
   Stab: Sleeping          |     1 |       ||     1
 Armour: Robe              |    25 |     8 ||    33
         Ring mail         |       |     2 ||     2
  Dodge: Dodged            |    48 |    43 ||    91

Table legend: (Time is in decaauts)
 A = Elapsed time spent in this place.
 B = Non-inter-level travel time spent in this place.
 C = Inter-level travel time spent in this place.
 D = Time resting spent in this place.
 E = Time spent auto-exploring this place.
 F = Levels seen in this place.
 G = Mean time per level.
                   A        B        C        D        E       F      G
               +--------+--------+--------+--------+--------+-----+--------+
         Total |   2869 |   2756 |    113 |     18 |   2244 |   4 |  717.2 |
       Dungeon |   2869 |   2756 |    113 |     18 |   2244 |   4 |  717.2 |
               +--------+--------+--------+--------+--------+-----+--------+

Top non-repeatable levels by time:
     D:3: 884 daAuts
     D:2: 798 daAuts
     D:1: 682 daAuts
     D:4: 503 daAuts
